 Dungeon Crawl Stone Soup version 0.30-a0-137-gd8773701ce (webtiles) character file.

Game seed: 12006955974041898020

106 juncz the Magician (level 5, -6/40 HPs)
             Began as a Djinni Conjurer on Sept 22, 2022.
             Mangled by Natasha (8 damage)
             ... on level 3 of the Dungeon.
             The game lasted 00:04:24 (3331 turns).

juncz the Magician (Djinni Conjurer)                Turns: 3331, Time: 00:04:25

Health: -6/40      AC:  2    Str:  6    XL:     5   Next: 10%
Gold:   101        EV: 12    Int: 21    God:
                   SH:  0    Dex: 12

rFire   + + .      SeeInvis .    (no weapon)
rCold   . . .      Faith    .    (no shield)
rNeg    . . .      Spirit   .    a - +0 robe
rPois   ∞          Reflect  .    (no helmet)
rElec   .          Harm     .    (no cloak)
rCorr   .          Rampage  .    (no gloves)
Will    .....                    (boots unavailable)
Stlth   ++........               (no amulet)
HPRegen 0.13/turn                o - ring of protection from cold
MPRegen 0.00/turn                (no ring)

@: flying, very slightly contaminated, slowed, very slow
A: sickness immunity, fire resistance 2, cold vulnerability 1, float, innate
caster, HP casting, extra vitality 1
a: no special abilities


You were on level 3 of the Dungeon.
You visited 1 branch of the dungeon, and saw 3 of its levels.

You collected 101 gold pieces.

Inventory:

Armour
 a - a +0 robe (worn)
Jewellery
 g - a ring of protection from fire
 m - a ring of positive energy
 o - a ring of protection from cold (left hand)
 q - a ring of positive energy
Scrolls
 b - a scroll of teleportation {unknown}
 c - 5 scrolls of identify {unknown}
 f - 2 scrolls of noise {unknown}
 h - a scroll of amnesia {unknown}
 i - 3 scrolls of poison {unknown}
 j - a scroll of fear {unknown}
 k - a scroll of silence {unknown}
 p - a scroll of immolation {unknown}
 r - a scroll of vulnerability {unknown}
 t - 2 scrolls of butterflies {unknown}
Potions
 d - 2 potions of curing {unknown}
 e - a potion of berserk rage {unknown}
 l - a potion of resistance {unknown}
 n - a potion of might {unknown}
 s - a potion of brilliance {unknown}


   Skills:
 + Level 2.9 Fighting
 - Level 2.1 Dodging
 - Level 1.5 Stealth
 + Level 4.1 Spellcasting


You couldn't memorise any spells.
You knew the following spells:

 Your Spells              Type           Power      Damage    Failure   Level
a - Magic Dart            Conj           84%        1d7       2%          1
b - Searing Ray           Conj           42%        2d6       3%          2
c - Dazzling Flash        Conj/Hex       42%        N/A       7%          3
d - Fulminant Prism       Conj/Hex       10%        3d9       22%         4
e - Iskenderun's Mystic   Conj/Tloc      21%        2d6       22%         4
f - Summon Small Mammal   Summ           84%        N/A       2%          1
g - Call Imp              Summ           21%        N/A       3%          2
Your spell library was empty.

Dungeon Overview and Level Annotations

Branches:
Dungeon (3/15)

Altars:
Ru

Shops:
D:1 =

Annotations:
D:3 Natasha


Innate Abilities, Weirdness & Mutations

You are immune to sickness and miasma.
You are immune to poison.
Your flesh is very heat resistant. (rF++)
You are vulnerable to cold. (rC-)
You float through the air rather than walking.
You learn spells naturally, not from books.
Your magical power is your life essence.
You have superior vitality. (+4 MHP)


Message History

Natasha howls an incantation.
Natasha glows brightly for a moment.
Natasha casts a spell.
Okay, then.
Casting: Iskenderun's Mystic Blast (quite dangerous; 22% risk of failure)
Confirm with . or Enter, or press ? or * to list all spells.
Aiming: Magic Dart (safe; 2% risk of failure)
Press: ? - help, Shift-Dir - straight line, f/p - Natasha
Aim: Natasha (lightly wounded, 100% to hit)
The magic dart hits Natasha.
Natasha is lightly wounded.
Natasha claws you.
* * * LOW HITPOINT WARNING * * *
The crimson imp shouts, "Get thee hence, thou gleeking clapper-clawed socdollager!"
The crimson imp blinks!
Casting: Magic Dart (safe; 2% risk of failure)
Confirm with . or Enter, or press ? or * to list all spells.
Aiming: Magic Dart (safe; 2% risk of failure)
Press: ? - help, Shift-Dir - straight line, f/p - Natasha
Aim: Natasha (lightly wounded, 100% to hit)
The magic dart hits Natasha.
Natasha is heavily wounded.
* * * LOW HITPOINT WARNING * * *
Natasha wildly gestures.
You feel troubled. Natasha misses you.
Natasha stares at you and mumbles some strange words.
The magic dart hits you.
* * * LOW HITPOINT WARNING * * *
Casting: Magic Dart (safe; 2% risk of failure)
Confirm with . or Enter, or press ? or * to list all spells.
Aiming: Magic Dart (safe; 2% risk of failure)
Press: ? - help, Shift-Dir - straight line, f/p - Natasha
Aim: Natasha (heavily wounded, 100% to hit)
The magic dart hits Natasha.
Natasha is almost dead.
* * * LOW HITPOINT WARNING * * *
You are no longer locked in place.
Natasha claws you!
You die...

#.......# #.......#.#..#
#.####.#####.#####.#.#..#
#.....#.# #.#.#..# ##.
#.....#.# #.#.....#
..####.....#.## #.#.#...#
##.#.##.###.#..# #.#.#...#
...#...........# ###.##..#
.(......###.#..######.##..#
..........#.#...@h.5.... .#
......................## .#
...#.####(#.#..########
...#...........#
...#.####.#.....
...#......###...
................
.#.#####..####. #### .#


You could see Natasha and a crimson imp (summoned).

Vanquished Creatures
  4 adders
  A worm (D:2)
  3 dart slugs
  An orc (D:3)
  5 endoplasms
  4 giant cockroaches (D:1)
  7 goblins
  7 hobgoblins
  4 jackals (D:1)
  5 kobolds
  2 quokkas (D:1)
  5 ball pythons
  5 bats
  A frilled lizard (D:1)
  2 rats (D:1)
56 creatures vanquished.

Vanquished Creatures (others)
  2 fungi (D:3)
2 creatures vanquished.

Grand Total: 58 creatures vanquished

Notes
Turn   | Place    | Note
-------+----------+-------------------------------------------
     0 | D:1      | juncz the Djinni Conjurer began the quest for the Orb.
     0 | D:1      | juncz set off with the following spells memorised: Magic
                  | Dart, Searing Ray, Dazzling Flash, Fulminant Prism,
                  | Iskenderun's Mystic Blast.
     0 | D:1      | Reached XP level 1. HP: 15/15 MP: 0/0
   174 | D:1      | Found Juxu's Jewellery Shoppe.
   271 | D:1      | Reached XP level 2. HP: 17/22 MP: 0/0
   392 | D:1      | Reached skill level 1 in Fighting
   843 | D:1      | Reached XP level 3. HP: 24/27 MP: 0/0
   843 | D:1      | Learned a level 1 spell: Summon Small Mammal
  2147 | D:2      | Reached XP level 4. HP: 32/33 MP: 0/0
  2713 | D:3      | Found a sacrificial altar of Ru.
  2787 | D:3      | Found a faded altar of an unknown god.
  2819 | D:3      | Reached skill level 4 in Spellcasting
  3194 | D:3      | Reached XP level 5. HP: 33/40 MP: 0/0
  3194 | D:3      | Learned a level 2 spell: Call Imp
  3323 | D:3      | Noticed Natasha
  3331 | D:3      | Mangled by Natasha

Illustrated notes

Levels and vault maps discovered:
D:1:      enne_arrival_octagon_isle, layout_loops_corners, serial_shops,
          nicolae_lakefront_shop
D:2:      layout_basic
D:3:      layout_basic, mainiacjoe_overflow_small_starburst,
          hellmonk_ecumenical_altar_pennies_from_heaven, hangedman_decor_points,
          uniq_crazy_yiuf_cottage, uniq_natasha, uniq_robin

Skill      XL: |  1  2  3  4 |
---------------+-------------+-----
Fighting       | 1 2 |  2.9
Spellcasting   | 4 |  4.1
Dodging        | |  2.1
Stealth        | |  1.5

Action                   |  1- 3 |  4- 6 || total
-------------------------+-------+-------++-------
 Cast: Magic Dart        |    81 |    56 ||   137
Armor: Robe              |     3 |       ||     3
Dodge: Dodged            |    11 |     2 ||    13

Table legend: (Time is in decaauts)
 A = Elapsed time spent in this place.
 B = Non-inter-level travel time spent in this place.
 C = Inter-level travel time spent in this place.
 D = Time resting spent in this place.
 E = Time spent auto-exploring this place.
 F = Levels seen in this place.
 G = Mean time per level.
                   A        B        C        D        E       F      G
               +--------+--------+--------+--------+--------+-----+--------+
         Total |   3332 |   3303 |     29 |    373 |   2684 |   3 | 1110.7 |
       Dungeon |   3332 |   3303 |     29 |    373 |   2684 |   3 | 1110.7 |
               +--------+--------+--------+--------+--------+-----+--------+

Top non-repeatable levels by time:
     D:1: 1921 daAuts
     D:2: 771 daAuts
     D:3: 639 daAuts
